 Dungeon Crawl Stone Soup version 0.21.0-25-ge575cb9 (webtiles) character file.

627 JeffiDaFish the Chopper (level 7, -2/61 HPs)
             Began as a Minotaur Fighter on Jan 25, 2018.
             Slain by a slave (6 damage)
             ... led by Pikel
             ... on level 4 of the Dungeon.
             The game lasted 00:11:35 (3127 turns).

JeffiDaFish the Chopper (Minotaur Fighter)          Turns: 3127, Time: 00:11:37

Health: -2/61      AC:  8    Str: 21    XL:     7   Next: 23%
Magic:  6/6        EV:  8    Int:  5    God:
Gold:   163        SH: 10    Dex: 11    Spells: 6/6 levels left

rFire    . . .     SeeInvis .   a - +0 war axe
rCold    . . .     Gourm    .   c - +0 shield
rNeg     . . .     Faith    .   b - +0 scale mail
rPois    .         Spirit   .   (helmet restricted)
rElec    .         Reflect  .   m - +0 cloak (curse)
rCorr    .         Harm     .   (no gloves)
MR       .....                  (no boots)
Stlth    +.........             (no amulet)
HPRegen  0.20/turn              e - ring of stealth
MPRegen  0.10/turn              j - ring of flight

@: hasted, very quick
A: retaliatory headbutt, horns 2
a: Evoke Flight


You were on level 4 of the Dungeon.
You were hungry.

You visited 1 branch of the dungeon, and saw 4 of its levels.

You collected 163 gold pieces.

Inventory:

Hand Weapons
 a - a +0 war axe (weapon)
Armour
 b - a +0 scale mail (worn)
 c - a +0 shield (worn)
 m - a cursed +0 cloak (worn)
Jewellery
 e - a ring of stealth (left hand)
 j - a ring of flight (right hand)
Wands
 n - a wand of polymorph (11)
Scrolls
 d - 2 scrolls of remove curse
 h - 3 scrolls of identify
 i - a scroll of teleportation
 l - a scroll of magic mapping
Comestibles
 f - 10 rations


   Skills:
 + Level 5.0 Fighting
 + Level 6.7 Axes
 + Level 5.4 Armour
 + Level 1.5 Dodging
 + Level 0.2 Stealth
 + Level 5.2 Shields


You had 6 spell levels left.
You didn't know any spells.

Dungeon Overview and Level Annotations

Branches:
Dungeon (4/15)
 Temple: D:4-7

Altars:

Annotations:
D:4 Pikel


Innate Abilities, Weirdness & Mutations

You reflexively headbutt those who attack you in melee.
You have a pair of horns on your head.


Message History

The slave closely misses you.
You hit Pikel. You headbutt Pikel.
Pikel is severely wounded.
You hit the slave.
You kill the slave!
That felt strangely unrewarding.
You barely miss the slave. You block Pikel's attack. The slave hits you!
* * * LOW HITPOINT WARNING * * *
You feel yourself speed up. You block Pikel's attack.
You closely miss Pikel. Your headbutt misses Pikel.
Pikel is severely wounded.
You closely miss the slave. x2; Pikel completely misses you.
You block the slave's attack.
You hit Pikel.
Pikel is severely wounded.
Your shield prevents you from hitting the slave.
You slash the slave! The slave hits you.
* * * LOW HITPOINT WARNING * * *
You block Pikel's attack. The slave hits you.
You die...

######### ## #.......#
.. #.#####.# .# #.#
#.# .#
#.#####.########.#####
#.#..................#
#.......#######...##..
###.......# #K@...#
#..####.# #.pp.......
#..# #.# #.##.######
#..## #.##.. .. #...#
#.##.. ... ##..# #.##.
#..# ##..###.##. ..#
##.......# ..#
##.#...####


You could see Pikel and 2 slaves.

Vanquished Creatures
  Grinder (D:3)
  2 slaves (D:4)
  A phantom (D:3)
  A hound (D:4)
  Crazy Yiuf (D:3)
  2 worker ants (D:4)
  Ijyb (D:3)
  Robin (D:2)
  4 gnolls (D:2)
  6 adders
  2 worms
  3 dart slugs
  2 leopard geckos
  An orc (D:4)
  3 ball pythons (D:1)
  8 bats
  3 giant cockroaches
  15 goblins
  11 hobgoblins
  5 jackals
  9 kobolds
  2 quokkas
  11 frilled lizards
  8 rats
103 creatures vanquished.

Notes
Turn   | Place    | Note
-------+----------+-------------------------------------------
     0 | D:1      | JeffiDaFish the Minotaur Fighter began the quest for the Orb.
     0 | D:1      | Reached XP level 1. HP: 19/19 MP: 0/0
    74 | D:1      | Reached XP level 2. HP: 27/27 MP: 1/1
   316 | D:1      | Reached skill level 3 in Axes
   392 | D:1      | Reached XP level 3. HP: 32/33 MP: 2/2
   624 | D:2      | Reached XP level 4. HP: 17/40 MP: 3/3
  1021 | D:2      | Reached skill level 4 in Axes
  1091 | D:2      | Noticed Robin
  1110 | D:2      | Killed Robin
  1288 | D:2      | Reached XP level 5. HP: 26/47 MP: 4/4
  1700 | D:3      | Noticed Grinder
  1797 | D:3      | Killed Grinder
  1797 | D:3      | Reached skill level 5 in Axes
  1797 | D:3      | Reached skill level 1 in Dodging
  1797 | D:3      | Reached XP level 6. HP: 22/55 MP: 5/5
  2216 | D:3      | Reached skill level 5 in Shields
  2327 | D:3      | Found a runed door.
  2331 | D:3      | Noticed Crazy Yiuf
  2338 | D:3      | Killed Crazy Yiuf
  2652 | D:3      | Reached skill level 6 in Axes
  2652 | D:3      | Reached skill level 5 in Armour
  2695 | D:3      | Noticed Ijyb
  2704 | D:3      | Killed Ijyb
  2704 | D:3      | Reached XP level 7. HP: 60/60 MP: 6/6
  2853 | D:4      | Reached skill level 5 in Fighting
  3110 | D:4      | Noticed Pikel
  3127 | D:4      | Slain by a slave

Skill      XL: |  1  2  3  4  5  6  7 |
---------------+----------------------+-----
Fighting       | 4 5 |  5.0
Axes           | 3 4 5 6 |  6.7
Shields        | 4 5 |  5.2
Armour         | 4 5 |  5.4
Dodging        | 1 |  1.5
Stealth        | |  0.2

Action                   |  1- 3 |  4- 6 |  7- 9 || total
-------------------------+-------+-------+-------++-------
Melee: War axe           |    87 |   137 |    43 ||   267
       Headbutt          |     8 |    28 |     8 ||    44
  Use: Potion            |     2 |     4 |     2 ||     8
       Scroll            |     1 |     2 |       ||     3
  Eat: Chunk             |       |     5 |     2 ||     7
Armor: Scale mail        |    54 |    55 |    15 ||   124
Dodge: Dodged            |    38 |    49 |    21 ||   108
Block: Shield            |    56 |    54 |    30 ||   140
